 Dungeon Crawl Stone Soup version 0.30-a0-4-ga7cffc901d (webtiles) character file.

Game seed: 15045204397432579096

5502 SensoryNuts the Cleaver (level 10, -29/53 HPs)
             Began as a Vine Stalker Fighter on Aug 21, 2022.
             Was an Initiate of Gozag.
             Annihilated by an orc knight
             ... wielding a +0 glaive
              (44 damage)
             ... in a bailey.
             The game lasted 00:11:33 (7678 turns).

SensoryNuts the Cleaver (Vine Stalker Fighter)      Turns: 7678, Time: 00:11:34

Health: -29/53     AC: 13    Str: 28    XL:     10   Next: 70%
Magic:  0/11       EV: 11    Int:  8    God:    Gozag
Gold:   732        SH:  0    Dex: 13    Spells: 9/9 levels left

rFire   . . .      SeeInvis .    c - +5 battleaxe of Ignis's Displeasure {spect, rElec rN+ Str+4}
rCold   . . .      Faith    .    (shield currently unavailable)
rNeg    + . .      Spirit   +    b - +0 scale mail
rPois   .          Reflect  .    (no helmet)
rElec   +          Harm     .    r - +1 cloak
rCorr   .          Rampage  .    (no gloves)
Will    +....                    (no boots)
Stlth   ..........               (no amulet)
HPRegen 0.97/turn                n - +4 ring of protection
MPRegen 0.12/turn                (no ring)

@: on berserk cooldown, slowed, very slow
A: fangs 3, regeneration 1, magic shield, antimagic bite, no potion heal 2
a: Renounce Religion, Potion Petition, Call Merchant, Bribe Branch


You were in a bailey.
You worshipped Gozag.
Gozag was pleased with you.
You visited 1 branch of the dungeon, and saw 8 of its levels.
You also visited: Sewer and Bailey.

You collected 1143 gold pieces.
You spent 333 gold pieces at shops.
You paid 78 gold pieces to Gozag.

Inventory:

Hand Weapons
 a - a +0 war axe
 c - the +5 battleaxe of Ignis's Displeasure (weapon) {spect, rElec rN+ Str+4}
   (You bought it in a shop on level 3 of the Dungeon)

   When its wielder attacks, the weapon's spirit leaps out and strikes again.
   The spirit shares a part of any damage it takes with its wielder.
   Str:       It affects your strength (+4).
   rElec:     It insulates you from electricity.
   rN:        It protects you from negative energy.
Missiles
 F - a throwing net (quivered)
Armour
 b - a +0 scale mail (worn)
 r - a +1 cloak (worn)
Jewellery
 h - a ring of wizardry
 n - a +4 ring of protection (left hand)
 t - a ring of ice
 K - a ring of protection from fire
Wands
 s - a wand of polymorph (8)
 u - a wand of flame (30)
 y - a wand of digging (4)
 D - a wand of mindburst (15)
 H - a wand of iceblast (7)
Scrolls
 e - a scroll of immolation
 g - 4 scrolls of teleportation
 i - 4 scrolls of enchant armour
 k - 2 scrolls of torment
 l - a scroll of silence
 m - a scroll of amnesia {unknown}
 p - a scroll of fog
 w - 3 scrolls of fear
 x - a scroll of magic mapping {unknown}
 C - 4 scrolls of identify
 G - 2 scrolls of blinking {unknown}
 I - a scroll of poison {unknown}
Potions
 d - a potion of might
 f - 2 potions of cancellation
 o - 5 potions of curing
 q - 5 potions of brilliance
 z - a potion of ambrosia {unknown}
 A - 3 potions of mutation {unknown}
 B - 5 potions of attraction {unknown}
 E - 2 potions of heal wounds {unknown}
 J - a potion of flight {unknown}
Miscellaneous
 v - a phial of floods


   Skills:
 + Level 5.9 Fighting
 * Level 11.6 Axes
 + Level 5.5 Armour
 + Level 2.0 Dodging
 + Level 1.5 Stealth
 + Level 3.8 Shields


You had 9 spell levels left.
You didn't know any spells.
Your spell library contained the following spells:

 Spells                   Type           Power      Damage    Failure   Level
 Shock                    Conj/Air       0%         1d3       65%         1
 Slow                     Hex            0%         N/A       65%         1
 Confusing Touch          Hex            0%         N/A       95%         3
 Gell's Gravitas          Tloc           0%         N/A       95%         3
 Ozocubu's Armour         Ice            0%         N/A       95%         3
 Swiftness                Air            0%         N/A       95%         3
 Teleport Other           Tloc           0%         N/A       95%         3
 Vampiric Draining        Necr           0%         2d6       95%         3
 Airstrike                Air            0%         2d(0-16)  100%        4
 Metabolic Englaciation   Hex/Ice        0%         N/A       100%        5
 Dispersal                Tloc           0%         N/A       100%        6
 Simulacrum               Ice/Necr       Unusable   N/A       N/A         6

Dungeon Overview and Level Annotations

Branches:
Dungeon (8/15)             Temple (0/1) D:7           Sewer (visited)
 Bailey (1/1)
   Lair: D:8-11

Altars:
Dithmenos
Gozag
Hepliaklqana
Kikubaaqudgha

Shops:
D:3 (=([   D:6 *


Innate Abilities, Weirdness & Mutations

You have razor-sharp teeth.
Your natural rate of healing is unusually fast.
When hurt, damage is shared between your health and your magic reserves.
Your bite disrupts and absorbs the magic of your enemies.
Potions cannot restore your health.


Message History

The orc knight hits you with a +0 glaive!
You closely miss the orc knight. Your bite misses the orc knight.
You closely miss the orc knight. The orc warrior closely misses you.
The orc knight hits you with a +0 glaive!!
The orc knight roars a battlecry!
The orc knight goes into a battle-frenzy!
You slash the orc knight! Your bite misses the orc knight.
The orc knight is lightly wounded.
You hit the orc knight. The orc warrior closely misses you.
The orc knight hits you with a +0 glaive!!
* * * LOW HITPOINT WARNING * * *
The orc knight hits you with a +0 glaive.
* * * LOW HITPOINT WARNING * * *
You are too berserk!
Unknown command.
You are too berserk!
You see here a +2 triple sword of freezing.
You are too berserk!
You feel a strong urge to attack something.
There is an open gate here.
You feel your anger nearly subside.
You are no longer berserk.
You are exhausted.
You feel yourself slow down.
Okay, then.
You can't see any enemies this would affect, really read the scroll of fear? [Y]es or [N]o only, please.
You can't see any enemies this would affect, really read the scroll of fear?
Okay, then.
As you read the scroll of fog, it crumbles to dust.
The scroll dissolves into smoke.
The orc knight closely misses you. The orc knight barely misses you.
The orc knight closely misses you. The orc knight completely misses you.
The orc knight attacks as you move away!
The orc knight hits you with a +0 glaive!
* * * LOW HITPOINT WARNING * * *
The orc knight hits you from afar with a +0 glaive!!!
Ouch! That really hurt!
You die...
Your body crumbles into a pile of gold.

...... ≈≈≈≈.................≈≈≈≈≈
.....≈ ###≈≈...............≈≈###≈
.....≈##.##≈...............≈##.##
.....≈#..)).....................#
.....≈##.∩#≈...............≈#∩.##
.....≈≈#.##≈......###......≈##)#≈
......≈≈.≈≈≈...#########...≈≈≈.≈≈
..............##.......##.....)).
.............##.@#'#'#..##.......
.............#..##)#.##..#.......
............##o#########.##......
............##.')#!.)#)'.##......
............##.###.8.###.##......
............##o§§#.o.#.'.##......
............##§####o####.##......
.............#§§##o)∩##..##......
.............##§§#'''##..........


You could see an orc knight (strong).

Vanquished Creatures
  An oklob plant (D:7)
  Maggie (D:7)
  A steam dragon (D:7)
  11 orc warriors
  2 water moccasins (D:8)
  Pargi (Sewer)
  2 ice beasts (D:7)
  4 black bears
  An ogre (D:6)
  2 centaurs (D:7)
  3 phantoms
  A kobold brigand (D:3)
  A gnoll sergeant (D:7)
  3 bullfrogs
  4 scorpions
  2 wyvern zombies (D:8)
  2 necrophages
  6 wights (D:8)
  A howler monkey (D:7)
  2 centaur zombies (D:8)
  8 jellies
  3 orc priests (D:6)
  4 hounds
  A human zombie (D:8)
  4 orc wizards
  3 iguanas
  2 killer bee zombies (D:8)
  3 mummies (D:8)
  Robin (D:3)
  A howler monkey zombie (D:8)
  8 gnolls
  A river rat (D:3)
  10 adders
  A shadow imp (D:6)
  A white imp (D:7)
  2 ufetubi
  3 worms
  2 dart slugs
  22 orcs
  11 ball pythons
  19 endoplasms
  8 giant cockroaches
  26 goblins
  12 hobgoblins
  10 jackals
  5 quokkas
  8 bats
  6 frilled lizards
  17 kobolds
  7 rats
260 creatures vanquished.

Vanquished Creatures (others)
  5 fungi (D:7)
  A plant (D:3)
6 creatures vanquished.

Grand Total: 266 creatures vanquished

Notes
Turn   | Place    | Note
-------+----------+-------------------------------------------
     0 | D:1      | SensoryNuts the Vine Stalker Fighter began the quest for
                  | the Orb.
     0 | D:1      | Reached XP level 1. HP: 11/11 MP: 2/2
   172 | D:1      | Reached XP level 2. HP: 16/16 MP: 3/3
   735 | D:1      | Reached XP level 3. HP: 20/20 MP: 4/4
   743 | D:1      | Reached skill level 2 in Axes
   875 | D:2      | Found a faded altar of an unknown god.
  1542 | D:2      | Noticed a scorpion
  1548 | D:2      | Gained mutation: Your natural rate of healing is unusually
                  | fast. [Vine Stalker growth]
  1548 | D:2      | Reached XP level 4. HP: 24/24 MP: 5/5
  1550 | D:2      | Killed a scorpion
  1551 | D:2      | Reached XP level 5. HP: 27/28 MP: 6/6
  1564 | D:2      | Reached skill level 3 in Axes
  2060 | D:3      | Found Beggy's Antique Weapon Boutique.
  2177 | D:3      | Found Kerogein's Jewellery Shop.
  2194 | D:3      | Found Yseof's Antique Weapon Boutique.
  2194 | D:3      | Noticed Robin
  2203 | D:3      | Killed Robin
  2306 | D:3      | Found a faded altar of an unknown god.
  2311 | D:3      | Found a shadowy altar of Dithmenos.
  2417 | D:3      | Reached XP level 6. HP: 32/32 MP: 7/7
  2490 | D:3      | Reached skill level 4 in Axes
  2529 | D:3      | Found a glowing drain.
  2538 | Sewer    | Entered a sewer
  2562 | Sewer    | Noticed Pargi
  2577 | Sewer    | Killed Pargi
  2804 | D:3      | Found Hipterar's Antique Armour Shop.
  2877 | D:3      | Reached skill level 5 in Axes
  2877 | D:3      | Reached XP level 7. HP: 34/37 MP: 6/8
  3555 | D:4      | Reached skill level 6 in Axes
  3863 | D:5      | Entered Level 5 of the Dungeon
  3976 | D:5      | Reached skill level 1 in Stealth
  3976 | D:5      | Gained mutation: You have razor-sharp teeth. [Vine Stalker
                  | growth]
  3976 | D:5      | Reached XP level 8. HP: 26/42 MP: 9/9
  4037 | D:5      | Reached skill level 1 in Dodging
  4112 | D:5      | Reached skill level 7 in Axes
  4430 | D:5      | Found an opulent altar of Gozag.
  4513 | D:5      | Became a worshipper of Gozag Ym Sagoz the Greedy
  4607 | D:6      | Found Ocimeu's Fire Supplies.
  5155 | D:6      | Reached skill level 8 in Axes
  5257 | D:6      | Reached XP level 9. HP: 43/46 MP: 8/10
  5923 | D:3      | Bought a fading battleaxe for 333 gold pieces
  5923 | D:3      | Identified the +5 battleaxe of Ignis's Displeasure {spect,
                  | rElec rN+ Str+4} (You bought it in a shop on level 3 of the
                  | Dungeon)
  6180 | D:7      | Found a staircase to the Ecumenical Temple.
  6188 | D:7      | Reached skill level 9 in Axes
  6384 | D:7      | Found a hazy altar of Hepliaklqana.
  6404 | D:7      | Reached skill level 5 in Fighting
  6533 | D:7      | Noticed Maggie
  6539 | D:7      | Killed Maggie
  6583 | D:7      | Noticed an oklob plant
  6585 | D:7      | Reached skill level 5 in Armour
  6603 | D:7      | Reached skill level 10 in Axes
  6630 | D:7      | Killed an oklob plant
  6631 | D:7      | Reached XP level 10. HP: 7/51 MP: 1/11
  7172 | D:8      | Found an ancient bone altar of Kikubaaqudgha.
  7175 | D:8      | Reached skill level 11 in Axes
  7303 | D:8      | Found a flagged portal.
  7324 | Bailey   | Entered a bailey
  7660 | Bailey   | Noticed an orc knight
  7660 | Bailey   | Noticed an orc knight
  7678 | Bailey   | Annihilated by an orc knight

Illustrated notes

Levels and vault maps discovered:
D:1:      lightli_arrival_windingriver, layout_loops_ring
D:2:      layout_loops_ring, ebering_ecumenical_altar_mist,
          minmay_misc_feat_rugged
D:3:      cheibrodos_thug_alley, layout_loops_cross,
          nicolae_overflow_ecumenical_swirl, serial_shops, nicolae_square_shop,
          nicolae_shop_stone, nicolae_shop_trees,
          nicolae_shop_overgrown_old_shop, lightli_sewer_entry_pipes,
          columned_hall_lemuel, minmay_circle_x, uniq_robin
D:4:      minmay_spotlight, layout_basic
D:5:      layout_gridville, grunt_gozag_breadcrumbs
D:6:      layout_loops_ring, nicolae_shop_fire_sale [nicolae_sub_dead_trees],
          chequers_garden, kennysheep_cross_bottleneck,
          chequers_serial_rivers_room_b, nicolae_figureground_pulse
D:7:      lemuel_slime, layout_rooms, overflow_temple_1_default,
          minmay_temple_entry_statues_fountains, uniq_maggie
D:8:      layout_loops_ring, lemuel_mausoleum_altar_kikubaaqudgha,
          enter_bailey_5
Bailey:   bailey_polearm_2, bailey

Skill      XL: |  1  2  3  4  5  6  7  8  9 10 |
---------------+-------------------------------+-----
Fighting       | 3 4 5 |  5.9
Shields        | 3 |  3.8
Axes           | 2 3 5 6 8 10 11 | 11.6
Armour         | 3 4 5 |  5.5
Stealth        | 1 |  1.5
Dodging        | 1 2 |  2.0

Action                   |  1- 3 |  4- 6 |  7- 9 | 10-12 || total
-------------------------+-------+-------+-------+-------++-------
Melee: War axe           |    95 |   148 |   175 |       ||   418
       Bite              |    21 |    36 |    66 |    23 ||   146
       Battleaxe         |       |       |    73 |    81 ||   154
  Use: Scroll            |       |     9 |     2 |     1 ||    12
       Potion            |       |     3 |     3 |     1 ||     7
Armor: Scale mail        |    42 |    76 |   112 |    43 ||   273
Dodge: Dodged            |    40 |    75 |   110 |    67 ||   292
Block: Buckler           |    21 |    27 |    54 |       ||   102

Table legend: (Time is in decaauts)
 A = Elapsed time spent in this place.
 B = Non-inter-level travel time spent in this place.
 C = Inter-level travel time spent in this place.
 D = Time resting spent in this place.
 E = Time spent auto-exploring this place.
 F = Levels seen in this place.
 G = Mean time per level.
                   A        B        C        D        E       F      G
               +--------+--------+--------+--------+--------+-----+--------+
         Total |   7886 |   7144 |    742 |    182 |   5318 |  10 |  788.6 |
       Dungeon |   7427 |   6685 |    742 |    182 |   5030 |   8 |  928.4 |
         Sewer |    100 |    100 |      0 |      0 |     40 |   1 |  100.0 |
        Bailey |    359 |    359 |      0 |      0 |    248 |   1 |  359.0 |
               +--------+--------+--------+--------+--------+-----+--------+

Top non-repeatable levels by time:
     D:3: 1252 daAuts
     D:2: 1209 daAuts
     D:6: 1137 daAuts
     D:4: 912 daAuts
     D:1: 893 daAuts
     D:5: 826 daAuts
     D:7: 612 daAuts
     D:8: 583 daAuts
  Bailey: 359 daAuts
   Sewer: 100 daAuts
